 Dungeon Crawl Stone Soup version 0.32-a0-909-gc671339a80 (webtiles) character file.

Game seed: 2005875261624071018

140 senseless the Grave Robber (level 5, -1/40 HPs)
             Began as a Ghoul Necromancer on Apr 6, 2024.
             Was a Follower of Fedhas.
             Slain by a killer bee (5 damage)
             ... on level 4 of the Dungeon.
             The game lasted 00:07:44 (2441 turns).

senseless the Grave Robber (Ghoul Necromancer)      Turns: 2441, Time: 00:07:45

Health: -1/40      AC:  8    Str:  9 (12) XL:     5   Next: 23%
Magic:  5/8        EV: 10    Int: 21 (22) God:    Fedhas [*.....]
Gold:   62         SH:  0    Dex:  8 (9)  Spells: 8/9 levels left

rFire   . . .        m - +3 sling (freeze)
rCold   + . .        (no shield)
rNeg    + + +        n - +3 leather armour
rPois   ∞            (no helmet)
rElec   .            d - +0 cloak
rCorr   .            (no gloves)
SInv    .            o - +0 pair of boots
Will    .....        (no amulet)
Stlth   +            q - +6 ring of intelligence
HPRegen 0.00/turn    (no ring)
MPRegen 0.11/turn

%: no passive effects
@: confused, ambrosia-drunk, inhibited regen, hasted, very quick
A: claws 1, cold resistance 1, negative energy resistance 3, inhibited
regeneration, torment resistance 2, devour on kill
a: Renounce Religion


You were on level 4 of the Dungeon.
You worshipped Fedhas.
Fedhas was aware of your devotion.
You visited 1 branch of the dungeon, and saw 4 of its levels.

You collected 62 gold pieces.

Inventory:

Hand Weapons
 m - a +3 sling of freezing (weapon)
 v - a +4 dagger
Missiles
 u - a throwing net
Armour
 d - a +0 cloak (worn)
 n - a +3 leather armour (worn)
 o - a +0 pair of boots (worn)
Magical Staves
 c - a staff of earth
Jewellery
 q - a +6 ring of intelligence (left claw)
Scrolls
 f - a scroll of poison {unknown}
 h - a scroll of amnesia {unknown}
 i - a scroll of identify {unknown}
 k - 2 scrolls of immolation {unknown}
 r - 2 scrolls of noise {unknown}
 s - a scroll of revelation {unknown}
 t - a scroll of blinking {unknown}
Potions
 b - a potion of magic
 l - a potion of mutation


   Skills:
 + Level 1.0 Fighting
 + Level 0.7 Throwing
 * Level 2.7 Dodging
 + Level 3.2 Stealth
 * Level 2.6 Spellcasting
 * Level 4.6 Necromancy


You had 8 spell levels left.
You knew the following spells:

 Your Spells              Type           Power      Damage    Failure   Level
a - Necrotise             Necr           88%        1d8       3%          1

Your spell library contained the following spells:

 Spells                   Type           Power      Damage    Failure   Level
 Vampiric Draining        Necr           22%        2d7       9%          3
 Animate Dead             Necr           22%        N/A       28%         4
 Passwall                 Erth           2%         N/A       52%         3
 Volatile Blastmotes      Fire/Tloc      4%         2d10      52%         3
 Curse of Agony           Necr           22%        N/A       63%         5
 Passage of Golubria      Tloc           2%         N/A       89%         4
 Vhi's Electric Charge    Tloc/Air       4%         N/A       89%         4
 Silence                  Hex/Air        1%         N/A       99%         5
 Bombard                  Conj/Erth      1%         9d1       100%        6
 Lehudib's Crystal Spear  Conj/Erth      1%         10d2      100%        8


Dungeon Overview and Level Annotations

Branches:
Dungeon (4/15)
 Temple: D:4-7

Altars:
Cheibriados
Fedhas

Annotations:
D:4 3 runed translucent doors, picklenugget's ghost, amateur DESu


Innate Abilities, Weirdness & Mutations

You are immune to poison.
You have sharp fingernails.
Your flesh is cold resistant. (rC+)
You are immune to negative energy. (rN+++)
You do not regenerate when monsters are visible.
You are immune to unholy pain and torment.
You thrive by killing the living.


Message History

Fedhas appreciates your contribution to the ecosystem.
The killer bee closely misses you.
Your Fighting skill increases to level 1!
You have reached level 5!
You feel stronger.
Casting: Necrotise (safe; 2% risk of failure)
Confirm with . or Enter, or press ? or * to list all spells.
Aiming: Necrotise (safe; 2% risk of failure)
Press: ? - help, Shift-Dir - straight line, f - killer bee
Aim: a killer bee (chance to affect: 87%)
The killer bee writhes in agony.
The killer bee stings you.
* * * LOW HITPOINT WARNING * * *
The killer bee barely misses you.
Casting: Necrotise (safe; 2% risk of failure)
Confirm with . or Enter, or press ? or * to list all spells.
Aiming: Necrotise (safe; 2% risk of failure)
Press: ? - help, Shift-Dir - straight line, f/p - killer bee
Aim: a killer bee (heavily wounded, chance to affect: 87%)
The killer bee writhes in agony!
The killer bee barely misses you. The killer bee stings you.
* * * LOW HITPOINT WARNING * * *
It was a potion of mutation.
You feel extremely strange.
Your body decomposes!
You feel weakened.
Your body decomposes!
You feel weakened. The killer bee stings you.
* * * LOW HITPOINT WARNING * * *
The killer bee misses you.
It was a potion of haste.
You feel yourself speed up. The killer bee barely misses you.
The killer bee closely misses you.
It was a potion of degeneration.
There was something very wrong with that liquid.
You feel weakened.
You feel dopey.
You feel clumsy.
The killer bee stings you but does no damage.
It was a potion of ambrosia.
You are confused.
You feel invigorated. The killer bee stings you.
You die...
Fedhas appreciates your contribution to the ecosystem. .. ... # .. #.# ###### .### .####.####.##.. .#. ##.#............ #.. #...#........... #.y #...#........... #yy

#...#..##.......
#y###.#...##...##..
..###@..##...##...##..
#......#....########.
########.....# #.
#.....#W #. ..(...+.(.
#. #......+... #.
#......+..( #. #. #.


You could see 4 killer bees.

Vanquished Creatures
  A killer bee (D:4)
  A bombardier beetle (D:3)
  2 adders
  A dart slug (D:1)
  A ribbon worm (D:3)
  7 ball pythons
  3 bats
  2 endoplasms (D:2)
  4 giant cockroaches
  2 goblins
  4 hobgoblins
  3 jackals (D:3)
  7 kobolds
  A quokka (D:3)
  2 frilled lizards (D:2)
  4 rats
45 creatures vanquished.

Notes
Turn   | Place    | Note
-------+----------+-------------------------------------------
     0 | D:1      | senseless the Ghoul Necromancer began the quest for the
                  | Orb.
     0 | D:1      | Reached XP level 1. HP: 14/14 MP: 3/3
   313 | D:1      | Reached XP level 2. HP: 13/20 MP: 0/4
  1188 | D:2      | Reached XP level 3. HP: 23/26 MP: 6/6
  1956 | D:3      | Found a faded altar of an unknown god.
  1973 | D:3      | Prayed at the altar of an unknown god.
  1973 | D:3      | Became a worshipper of Fedhas Madash
  1973 | D:3      | Reached * piety under Fedhas
  2089 | D:3      | Reached XP level 4. HP: 34/34 MP: 7/7
  2152 | D:3      | Found a snail-covered altar of Cheibriados.
  2419 | D:4      | Found a runed translucent gate.
  2420 | D:4      | Found a runed translucent gate.
  2420 | D:4      | Found a runed translucent gate.
  2421 | D:4      | Noticed picklenugget's ghost (amateur DESu)
  2436 | D:4      | Reached skill level 1 in Fighting
  2436 | D:4      | Reached XP level 5. HP: 10/40 MP: 4/8
  2438 | D:4      | HP: 2/40 [killer bee (1)]
  2441 | D:4      | Slain by a killer bee

Illustrated notes

Levels and vault maps discovered:
D:1:      roderic_crop_circles_arrival_small, layout_loops_ring,
          bh_walls_and_bars
D:2:      layout_loops_corners, nicolae_figureground_sparkle
D:3:      layout_basic, chei_slow_surprise,
          shapermc_ecumenical_altar_totnotflames
D:4:      nicolae_cairo_tiling, layout_gridville, minmay_temple_entry_trees,
          serial_shops, nicolae_shop_crystal, ebering_ghost_rock_garden,
          uniq_ijyb

Skill      XL: |  1  2  3  4 |
---------------+-------------+-----
Dodging        | 2 |  2.7
Spellcasting   | 2 |  2.6
Stealth        | 3 |  3.2
Fighting       | 1 |  1.0
Throwing       | |  0.7
Necromancy     | |  4.6

Action                     |  1- 3 |  4- 6 || total
---------------------------+-------+-------++-------
  Melee: Staff             |    90 |       ||    90
         Unarmed           |    11 |       ||    11
   Fire: Sling             |    22 |    22 ||    44
   Cast: Necrotise         |     7 |    11 ||    18
    Use: Potion            |       |     4 ||     4
   Stab: Sleeping          |     4 |       ||     4
 Armour: Robe              |    89 |       ||    89
         Leather armour    |       |    20 ||    20
  Dodge: Dodged            |    74 |    18 ||    92

Table legend: (Time is in decaauts)
 A = Elapsed time spent in this place.
 B = Non-inter-level travel time spent in this place.
 C = Inter-level travel time spent in this place.
 D = Time resting spent in this place.
 E = Time spent auto-exploring this place.
 F = Levels seen in this place.
 G = Mean time per level.
                   A        B        C        D        E       F      G
               +--------+--------+--------+--------+--------+-----+--------+
         Total |   2475 |   2406 |     69 |      0 |   1973 |   4 |  618.8 |
       Dungeon |   2475 |   2406 |     69 |      0 |   1973 |   4 |  618.8 |
               +--------+--------+--------+--------+--------+-----+--------+

Top non-repeatable levels by time:
     D:2: 969 daAuts
     D:1: 908 daAuts
     D:3: 546 daAuts
     D:4: 51 daAuts
